 Dungeon Crawl Stone Soup version 0.30-a0-1075-gcd70e7a56d (webtiles) character file.

Game seed: 14869958063505803747

47 Newt the Shooter (level 3, 0/24 HPs)
             Began as a Kobold Hunter on Apr 14, 2023.
             Slain by a sleepcap (5 damage)
             ... on level 2 of the Dungeon.
             The game lasted 00:01:00 (1333 turns).

Newt the Shooter (Kobold Hunter)                    Turns: 1333, Time: 00:01:01

Health: 0/24       AC:  3    Str:  8    XL:     3   Next: 97%
Magic:  3/3        EV: 14    Int: 10    God:
Gold:   118        SH:  0    Dex: 20    Spells: 2/2 levels left

rFire   . . .      SeeInvis .    a - +0 shortbow
rCold   . . .      Faith    .    (shield currently unavailable)
rNeg    . . .      Spirit   .    c - +0 leather armour
rPois   .          Reflect  .    (no helmet)
rElec   .          Rampage  .    (no cloak)
rCorr   .                        (no gloves)
Will    .....                    (no boots)
Stlth   ++                       (no amulet)
HPRegen 0.24/turn                (no ring)
MPRegen 0.08/turn                (no ring)

@: confused, brilliant, ambrosia-drunk
A: small, no large weapons, nightstalker 3
a: no special abilities


You were on level 2 of the Dungeon.
You visited 1 branch of the dungeon, and saw 2 of its levels.

You collected 118 gold pieces.

Inventory:

Hand Weapons
 a - a +0 shortbow (weapon)
Armour
 c - a +0 leather armour (worn)
Jewellery
 h - a ring of flight
Scrolls
 b - a scroll of immolation
Potions
 d - a potion of lignification {unknown}
 e - a potion of brilliance
 g - a potion of haste {unknown}
 i - a potion of degeneration {unknown}


   Skills:
 + Level 4.3 Fighting
 - Level 5.3 Ranged Weapons
 - Level 2.4 Dodging
 - Level 1.3 Stealth


You had 2 spell levels left.
You didn't know any spells.
Your spell library was empty.

Dungeon Overview and Level Annotations

Branches:
Dungeon (2/15)

Altars:
Xom


Innate Abilities, Weirdness & Mutations

You are small and have problems with some larger weapons.
You are completely attuned to the shadows.


Message History

The sleepcap releases spores at you but does no damage.
You shoot an arrow. The arrow hits the sleepcap.
The sleepcap is moderately damaged.
The sleepcap releases spores at you but does no damage.
A sleepcap is nearby!
You shoot an arrow. The arrow hits the sleepcap.
The sleepcap is heavily damaged.
The sleepcap releases spores at you.
You are engulfed in a cloud of soporific spores!
You fall asleep.
The sleepcap releases spores at you!
You wake up.
* * * LOW HITPOINT WARNING * * *
You are engulfed in a cloud of soporific spores!
You are unaffected.
You are too injured to fight recklessly!
You are too injured to fight recklessly!
Unknown command.
You shoot an arrow.
The arrow hits the sleepcap but does no damage.
The sleepcap is heavily damaged.
The sleepcap barely misses you. The sleepcap releases spores at you.
* * * LOW HITPOINT WARNING * * *
Unknown command.
It was a potion of brilliance.
You feel clever all of a sudden. The sleepcap barely misses you.
Unknown command.
Okay, then.
You shoot an arrow.
The arrow hits the sleepcap but does no damage.
The sleepcap is heavily damaged.
The sleepcap releases spores at you.
* * * LOW HITPOINT WARNING * * *
It was a potion of ambrosia.
You are confused.
You feel invigorated. The sleepcap barely misses you.
The sleepcap releases spores at you.
* * * LOW HITPOINT WARNING * * *
The sleepcap attacks as you move away! The sleepcap releases spores at you.
You die...

.###.#.#.#.#####.###[## #.#
[................##...# #.#
.###.#.#.#............# #.# .#
##...##.########...#########.#
.#
##.###.........###..........#
.# #.#
#.###.####.#.###########
.#####.# #####'#####.##
.......####.......#..#
....>.....#.....@.##.#
###########....f..##.#
+.......+... #.....?.##..#
.......#


You could see a sleepcap.

Vanquished Creatures
  An adder (D:2)
  2 worms (D:2)
  A dart slug (D:1)
  2 ball pythons (D:1)
  2 endoplasms (D:1)
  A giant cockroach (D:1)
  4 goblins
  4 hobgoblins
  2 quokkas (D:1)
  5 bats
  A frilled lizard (D:2)
  2 kobolds (D:1)
  A rat (D:1)
28 creatures vanquished.

Notes
Turn   | Place    | Note
-------+----------+-------------------------------------------
     0 | D:1      | Newt the Kobold Hunter began the quest for the Orb.
     0 | D:1      | Reached XP level 1. HP: 12/12 MP: 1/1
   112 | D:1      | Reached XP level 2. HP: 18/18 MP: 2/2
   662 | D:1      | Reached XP level 3. HP: 22/23 MP: 3/3
  1081 | D:2      | Found a shimmering altar of Xom.
  1330 | D:2      | HP: 1/24 [sleepcap (3)]
  1333 | D:2      | Slain by a sleepcap

Illustrated notes

Levels and vault maps discovered:
D:1:      saegor_arrival_simple_d, layout_loops_ring, serial_rivers,
          chequers_serial_rivers_marsh, chequers_serial_rivers_small_b,
          chequers_serial_rivers_micro_e, chequers_serial_rivers_micro_a
D:2:      layout_loops_ring, basic_altar, kennysheep_generic_room_8

Skill      XL: |  1  2  3 |
---------------+----------+-----
Fighting       | 3 4 |  4.3
Ranged Weapons | |  5.3
Dodging        | |  2.4
Stealth        | |  1.3

Action                     || total
---------------------------++-------
   Fire: Shortbow          ||    85
    Use: Potion            ||     2
 Armour: Leather armour    ||    11
  Dodge: Dodged            ||    37

Table legend: (Time is in decaauts)
 A = Elapsed time spent in this place.
 B = Non-inter-level travel time spent in this place.
 C = Inter-level travel time spent in this place.
 D = Time resting spent in this place.
 E = Time spent auto-exploring this place.
 F = Levels seen in this place.
 G = Mean time per level.
                   A        B        C        D        E       F      G
               +--------+--------+--------+--------+--------+-----+--------+
         Total |   1369 |   1331 |     38 |    274 |    893 |   2 |  684.5 |
       Dungeon |   1369 |   1331 |     38 |    274 |    893 |   2 |  684.5 |
               +--------+--------+--------+--------+--------+-----+--------+

Top non-repeatable levels by time:
     D:1: 1107 daAuts
     D:2: 262 daAuts
